[Event "Championnat d'Europe de Blitz"]
[Date "2024.12.09"]
[White "Bernadskiy, Vitaliy"]
[Black "Herega, Nejc"]
[WhiteElo "2546"]
[BlackElo "2249"]
[Round "7.23"]
[Result "1-0"]
[TimeControl "180+2"]

1. e4 d6 2. Nc3 Nf6 3. d4 e5 4. Nf3 Nbd7 5. Bc4 Be7 6. O-O O-O 7. a4 c6 8. Re1 h6 9. h3 Re8 10. Bf1 Qc7 11. b3 Bf8 12. Bb2 exd4 13. Nxd4 Nc5 14. Qf3 Ne6 15. Nxe6 Bxe6 16. Ne2 Nh7 17. Nf4 d5 18. Nxe6 fxe6 19. exd5 cxd5 20. Bd3 Ng5 21. Qg4 e5 22. Bg6 Re6 23. Bf5 Ree8 24. h4 Nf7 25. Qg6 Bb4 26. Re3 Qd6 27. Qh7+ Kf8 28. Rg3 Qf6 29. Rf3 Ke7 30. Bg6 Rh8 31. Rxf6 Kxf6 32. f4 Rxh7 33. Bxh7 Bd6 34. Rf1 Ke7 35. fxe5 Nxe5 36. Re1 Ke6 37. h5 Rc8 38. Bd4 b6 39. g4 Re8 40. Bg6 Re7 41. Kg2 Kd7 42. Bf5+ Kc7 43. Rd1 Nc6 44. Bf2 d4 45. Bd3 Bf4 46. Rf1 Be3 47. Bg3+ Kb7 48. Rf5 Nb4 49. Re5 Rf7 50. Be4+ Ka6 51. Be1 Na2 52. Bd3+ Kb7 53. Bc4 Rc7 54. Bd5+ Ka6 55. Bc4+ Kb7 56. Re6 Rd7 57. a5 Bg5 58. a6+ Kc7 59. Bg3+ Kd8 60. Bb5 Re7 61. Rd6+ Kc8 62. Bc6 Nb4 63. Bb7+ Rxb7 64. axb7+ Kxb7 65. Rxd4 Nxc2 66. Rd7+ Kc6 67. Rxg7 Ne3+ 68. Kf3 a5 69. Rxg5 1-0

[Site "Europe Echecs"]

[Event "Championnat d'Europe de Blitz"]
[Date "2024.12.09"]
[White "Nevednichy, Vladislav"]
[Black "Kalezic, Blazo"]
[WhiteElo "2451"]
[BlackElo "2382"]
[Round "7.24"]
[Result "0-1"]
[TimeControl "180+2"]

1. e4 e6 2. Qe2 c5 3. Nf3 Nc6 4. g3 Nge7 5. Bg2 d6 6. O-O g6 7. c3 Bg7 8. Rd1 e5 9. Na3 O-O 10. Nc2 f5 11. d3 h6 12. b4 Kh7 13. b5 Nb8 14. Rb1 Nd7 15. Ne3 f4 16. Nc4 g5 17. h3 Nb6 18. d4 cxd4 19. cxd4 Nxc4 20. Qxc4 fxg3 21. fxg3 Bxh3 22. dxe5 Qb6+ 23. Qd4 dxe5 24. Qxb6 axb6 25. Rb2 Bxg2 26. Kxg2 Rfd8 27. Rbd2 Rxa2 28. Kh3 Rdxd2 29. Bxd2 Ng8 30. Bc3 Ra3 31. Rc1 Nf6 32. Kg2 Nxe4 33. Bxe5 g4 34. Rc7 gxf3+ 35. Kh3 Ng5+ 36. Kg4 Ne6 37. Re7 f2 38. Rf7 Kg8 0-1

[Site "Europe Echecs"]

[Event "Championnat d'Europe de Blitz"]
[Date "2024.12.09"]
[White "Upleger, Martin"]
[Black "Gavrilescu, David"]
[WhiteElo "2297"]
[BlackElo "2549"]
[Round "7.25"]
[Result "0-1"]
[TimeControl "180+2"]

1. d4 d5 2. Nf3 Nf6 3. Bg5 c5 4. e3 Nc6 5. c3 Qb6 6. Qc1 Bf5 7. Nbd2 Rc8 8. Bxf6 gxf6 9. dxc5 Qxc5 10. Nb3 Qb6 11. Qd2 e6 12. h3 Bg7 13. Bd3 Bg6 14. O-O O-O 15. Bxg6 hxg6 16. Nbd4 Na5 17. Rab1 Nc4 18. Qe2 f5 19. Nd2 Nd6 20. Rfc1 Rc7 21. h4 Bf6 22. g3 Kg7 23. Kg2 Rh8 24. Rc2 e5 25. N4f3 Qc6 26. Rbc1 b5 27. Kg1 Qd7 28. Nf1 Ne4 29. N1d2 Nc5 30. Rd1 e4 31. Nd4 Nd3 32. Nf1 b4 33. cxb4 Bxd4 34. exd4 Rxc2 35.
Qxc2 f4 36.
Rxd3 exd3 37. Qxd3 fxg3 38. fxg3 Re8 39. a3 Qg4 40. Kf2 Re4 41. Ne3 Qh3 42. Ng2 Qf5+ 43. Kg1 Qf6 44. Nf4 Rxd4 45. Qe3 Rd1+ 46. Kg2 Qxb2+ 47.
Kh3 Rh1+ 48.
Kg4 f5+ 49. Kf3 Rf1+ 0-1

[Site "Europe Echecs"]

[Event "Championnat d'Europe de Blitz"]
[Date "2024.12.09"]
[White "Reprintsev, Alexander"]
[Black "Samunenkov, Ihor"]
[WhiteElo "2230"]
[BlackElo "2543"]
[Round "7.26"]
[Result "0-1"]
[TimeControl "180+2"]

1. e4 c6 2. c4 d5 3. exd5 cxd5 4. cxd5 Nf6 5. Nc3 Nxd5 6. Nf3 Nc6 7. Bc4 Nb6 8. Bb5 e6 9. O-O Bd6 10. Ne4 O-O 11. d3 Ne7 12. Bg5 Nbd5 13. Rc1 h6 14. Bh4 Bf4 15. Rc5 b6 16. Rc2 Bb7 17. Bg3 Nf5 18. Bxf4 Nxf4 19. Qc1 Nxd3 20. Bxd3 Qxd3 21.
Ned2 Rac8 22. Rc3 Rxc3 23. Qxc3 Qxc3 24. bxc3 Rc8 25. Rc1 Nd6 26. Nd4 e5 27. N4b3 a5 28. Nf1 f5 29. f3 f4 30. Nbd2 Ba6 31. Kf2 Kf7 32. g3 g5 33. h4 fxg3+ 34. Nxg3 gxh4 35. Nge4 Nf5 36. c4 Bb7 37. Rb1 h3 38.
Rxb6 Bc6 39. Rb1 Rg8 40. Rg1 Rxg1 41. Kxg1 Nd4 42. Kf2 h2 43. Ng3 h5 44. Nh1 h4 45. Kg2 Ke6 46. a3 Kf5 47. Nf2 Kf4 48. Nh3+ Ke3 49. Nf1+ Ke2 50. Nxh2 Nxf3 51.
Nxf3 Bxf3 52. Kg1 Bc6 53. Ng5 e4 54. Kg2 e3 55. Kh3 Kd2 0-1

[Site "Europe Echecs"]

[Event "Championnat d'Europe de Blitz"]
[Date "2024.12.09"]
[White "Kadric, Denis"]
[Black "Maltsevskaya, Aleksandra"]
[WhiteElo "2544"]
[BlackElo "2368"]
[Round "7.27"]
[Result "0-1"]
[TimeControl "180+2"]

1. e4 c5 2. Nf3 e6 3. d4 cxd4 4. Nxd4 Nf6 5. Nc3 Nc6 6. g3 d6 7. Bg2 Bd7 8. O-O a6 9. Nb3 Be7 10. a4 O-O 11. a5 Ne5 12. f4 Nc4 13. Qe2 Rc8 14. g4 d5 15. e5 Ne8 16. Kh1 b5 17. f5 b4 18. Nd1 Qc7 19. Bf4 exf5 20. e6 Qb7 21. exd7 Qxd7 22. gxf5 Nf6 23. Ne3 Nxe3 24. Bxe3 Rfe8 25. Qd3 Ng4 26. Bg1 Bd6 27. h3 Nf6 28. Rad1 Bb8 29. Qd2 Nh5 30. Rf3 Ng3+ 31. Rxg3 Bxg3 32. Qxd5 Qe7 33. Nd4 Qf6 34. Qf3 Be5 35. Nc6 Bxb2 36. Nxb4 Bc3 37. Nd5 Qe5 38. Bh2 Qe2 39. Nxc3 Qxf3 40. Bxf3 Rxc3 41. Bb7 Rxc2 42. Bxa6 Rc5 43. Ra1 Ra8 44. Bb7 Rcxa5 45. Rc1 Re8 46. Bc6 Rc8 47. Bf4 Rxf5 48. Be3 Rf6 49. Bg2 Rxc1+ 50. Bxc1 Ra6 51. Kh2 Ra2 52. Be3 g6 53. Kg3 Kg7 54. Bd4+ f6 55. Bf3 Ra4 56.
Be3 g5 57. Bd1 Ra3 58. Kf2 f5 59. Bc5 Ra2+ 60. Ke3 Rh2 61. Kd3 Rxh3+ 62. Kd4 h5 63. Ke5 Kg6 64. Bc2 Rf3 65. Bd1 Rf1 66. Bc2 Re1+ 67. Kd4 h4 68. Bb4 Rc1 69. Ba4 h3 70.
Be8+ Kf6 71. Bd6 f4 72. Be5+ Ke6 0-1

[Site "Europe Echecs"]

[Event "Championnat d'Europe de Blitz"]
[Date "2024.12.09"]
[White "Van Foreest, Lucas"]
[Black "Magold, Filip"]
[WhiteElo "2520"]
[BlackElo "2428"]
[Round "7.28"]
[Result "0-1"]
[TimeControl "180+2"]

1. d4 d5 2. c4 c6 3. Nf3 Nf6 4. Nc3 dxc4 5. a4 Bf5 6. Ne5 Nbd7 7. Nxc4 Qc7 8. e3 e5 9. dxe5 Nxe5 10. Nxe5 Qxe5 11. Qb3 Qc7 12. Bc4 Bd6 13. h3 O-O 14. O-O Rad8 15. Rd1 Nd7 16. e4 Nc5 17. Qc2 Nxe4 18. Be3 Bh2+ 19. Kh1 Ng3+ 20. fxg3 Bxc2 21. Rxd8 Rxd8 22.
Kxh2 Qe7 23.
Bxa7 Qb4 24.
Rc1 Qxb2 25.
Ne2 Bd3 26.
Bxd3 Rxd3 27. Re1 Qd2 28. Bf2 Qxe1 29. Bxe1 Re3 0-1

[Site "Europe Echecs"]

[Event "Championnat d'Europe de Blitz"]
[Date "2024.12.09"]
[White "Brunner, Nicolas"]
[Black "Fridman, Daniel"]
[WhiteElo "2413"]
[BlackElo "2571"]
[Round "7.29"]
[Result "0-1"]
[TimeControl "180+2"]

1. d4 e6 2.
c4 b6 3. e4 Bb4+ 4. Bd2 Bxd2+ 5. Qxd2 d5 6. Nc3 Nf6 7. e5 Ne4 8. Nxe4 dxe4 9. Ne2 Bb7 10. Nc3 O-O 11. O-O-O f6 12. Qe3 f5 13. g3 Qe7 14. Bg2 c5 15. dxc5 Qxc5 16. Qxc5 bxc5 17. Rd6 Nc6 18. Rxe6 Kf7 19. Rd6 Nxe5 20. b3 Rad8 21. Rxd8 Rxd8 22. Rf1 Nd3+ 23. Kc2 Nb4+ 24. Kc1 Rd3 25. Na4 Nxa2+ 26.
Kb2 Rd2+ 27. Ka3 a5 28. Nxc5 Bc6 29. f3 Nb4 0-1

[Site "Europe Echecs"]

[Event "Championnat d'Europe de Blitz"]
[Date "2024.12.09"]
[White "Livaic, Leon"]
[Black "Meyer, Falko"]
[WhiteElo "2560"]
[BlackElo "2215"]
[Round "7.30"]
[Result "1-0"]
[TimeControl "180+2"]

1. d4 c6 2. c4 d5 3. cxd5 cxd5 4. Bf4 Nc6 5. e3 e6 6. Nc3 Bd6 7. Bxd6 Qxd6 8. Bd3 a6 9. Rc1 Nf6 10. f4 b5 11. Nf3 Bb7 12. O-O Rc8 13. Ne5 Na5 14. Qf3 g6 15. Rc2 Ke7 16. Rfc1 b4 17. Na4 b3 18. Rxc8 Rxc8 19. Rxc8 Bxc8 20. a3 Nd7 21. Qd1 Nxe5 22. fxe5 Qc7 23. Nc5 Qb6 24. Qe1 Kf8 25. Qc3 Kg7 26. Qb4 Qc7 27. h3 h5 28. Qc3 Qb6 29. Kh2 Bb7 30. Qe1 Nc4 31. Bxc4 dxc4 32. e4 Bc6 33. Qc3 Bb5 34. a4 Be8 35. Qxc4 Qd8 36. Nxb3 Qg5 37. Qc1 Qh4 38. Nc5 Bc6 39. Qe3 a5 40. Qg3 Qd8 41. Qf4 Kg8 42. Qf2 h4 43. Qe3 Kh7 44. b3 Qe7 45. Kg1 g5 46. Qf3 Qd8 47. Qe3 Qe7 48.
Kf2 f6 49. exf6 Qxf6+ 50. Kg1 Kh6 51. Nd3 Ba8 52. Ne5 Kg7 53. Qf3 Qe7 54. Qh5 Qf6 55. Qf3 Qe7 56. Kh2 Bb7 57. Qe3 Qf6 58. Nf3 Qf4+ 59. Qxf4 gxf4 60. Nd2 Ba6 61. Kg1 Kf6 62. Kf2 e5 63. d5 Bd3 64. Kf3 Kg5 65. d6 Kf6 66. Nc4 Bc2 67. Nxa5 Bd1+ 68. Kf2 Ke6 69. Nc4 Bxb3 70. Nxe5 Bxa4 71. Ng6 Kxd6 72. Nxf4 Ke5 73. Ke3 Bc6 74. Ng6+ Kf6 75. Nxh4 Kg5 76. Nf3+ Kh5 77. Kf4 Bb5 78. g4+ Kg6 79.
h4 Be2 80. h5+ Kh6 81. Nd4 1-0

[Site "Europe Echecs"]

[Event "Championnat d'Europe de Blitz"]
[Date "2024.12.09"]
[White "Saric, Ante"]
[Black "Andonovski, Ljubisa"]
[WhiteElo "2482"]
[BlackElo "2253"]
[Round "7.31"]
[Result "1-0"]
[TimeControl "180+2"]

1. Nf3 Nf6 2. c4 g6 3.
Nc3 Bg7 4. e4 d6 5. d4 O-O 6. Be2 e5 7. O-O Nbd7 8. Re1 c6 9. Bf1 Re8 10. Be3 Ng4 11. Bg5 f6 12. Bh4 Nh6 13. Qc2 Nf7 14. Rad1 Qe7 15. a3 h5 16. Bg3 Bh6 17. b4 g5 1-0

[Site "Europe Echecs"]

[Event "Championnat d'Europe de Blitz"]
[Date "2024.12.09"]
[White "Domalchuk-Jonasson, Aleksandr"]
[Black "Janik, Igor"]
[WhiteElo "2377"]
[BlackElo "2515"]
[Round "7.32"]
[Result "1/2-1/2"]
[TimeControl "180+2"]

1. e4 c6 2.
d4 d5 3. exd5 cxd5 4. Bd3 Nc6 5. c3 g6 6. Nd2 Bf5 7. Bxf5 gxf5 8. Nb3 e6 9. Nf3 Bd6 10. O-O Qc7 11. Bg5 h6 12. Bh4 Nge7 13.
Qe2 Ng6 14.
Bf6 Rg8 15.
g3 Nf4 16.
Qe3 Rg6 17.
Be5 Nh3+ 18.
Kg2 f4 19.
Qd2 Bxe5 20.
dxe5 Ng5 21.
Qxf4 Nxf3 22. Qxf3 Nxe5 23. Qf4 Rc8 24. Nd4 Nc6 25. Qxc7 Rxc7 26. Nb5 Rd7 27. Rad1 Ke7 28. f4 Rg8 29. Rfe1 Kf6 30. Kf3 Rc8 31. Nd4 Na5 32. Re2 Nc4 33. Kf2 Nd6 34. Nf3 Ne4+ 35. Kg2 Rdc7 36. Ne5 b5 37. a3 a5 38. Nd3 Ke7 39. Kf3 f6 40. Nf2 f5 41. Nd3 Kf6 42.
Ne5 Rb7 43.
Rd4 h5 44.
Nd3 Rc4 45.
Nf2 Nd6 46. Red2 b4 47. axb4 axb4 48. Nd1 bxc3 49. bxc3 Rbc7 50. Rxc4 Rxc4 51. Rd3 Ne4 52. h3 Ra4 53. g4 hxg4+ 54. hxg4 fxg4+ 55. Kxg4 Ra1 56. Kf3 Rc1 57. Ke3 Kf5 58. Kf3 Kf6 59. Ke3 Rc2 60. Kf3 Nc5 61. Re3 Rc1 62. Nf2 Kf7 63. Ng4 Ne4 64. c4 Nd2+ 65. Ke2 Nxc4 66. Ne5+ Kf6 67. Nxc4 Rxc4 68. Kf3 Ra4 69. Re1 Ra3+ 70. Kg4 Ra2 71. Kf3 Rb2 72. Re3 Rc2 73. Re1 Rb2 74. Re3 Rb1 75. Re2 Rf1+ 76. Kg4 Ke7 77.
Ra2 Kf6 78.
Re2 Rh1 79. Kf3 Rh3+ 80. Kg4 Rc3 81. Re1 Rc4 82. Kf3 Rc8 83. Re2 Ra8 84. Re1 Rh8 85. Kg4 Rf8 86. Kf3 Rc8 87. Re2 Rc1 88. Re3 Rf1+ 89. Kg4 Ke7 90. Ra3 Re1 91.
Kf3 Kd6 92.
Ra5 Kc6 93.
Kf2 Re4 94.
Kf3 Kb6 95. Ra8 Kc5 96. Ra5+ Kb4 97. Ra6 Re1 98. Rc6 Kb5 99. Rc2 d4 100. Kf2 Rh1 101. Kf3 Re1 102. Kf2 Re4 103. Kf3 Re3+ 104. Kf2 Kb4 105.
Rc6 Kb3 106.
Rc8 Re4 107.
Kf3 Re1 108. Kf2 Rh1 109. Rc6 Rh2+ 110. Kf3 d3 111. Rxe6 d2 112. Rd6 Kc2 113. f5 Rh4 114. Rc6+ Kd1 115. f6 Rh6 116. Kf2 Rh5 117. Kg2 Rf5 118. Kg3 Ke2 119. Re6+ Kd3 120. Rd6+ Ke3 121. Re6+ Kd4 122. Rd6+ Ke3 123. Re6+ Kd3 124. Rd6+ Ke2 125. Re6+ Kd1 126. Kg4 Rf1 127. Kg5 Kc2 128. Rc6+ Kb3 129. Rd6 d1=Q 130. Rxd1 Rxd1 131. f7 Rf1 132. Kg6 Rxf7 133. Kxf7 1/2-1/2

[Site "Europe Echecs"]

[Event "Championnat d'Europe de Blitz"]
[Date "2024.12.09"]
[White "Laurusas, Tomas"]
[Black "Oliinyk, Serafym"]
[WhiteElo "2578"]
[BlackElo "2207"]
[Round "7.33"]
[Result "1-0"]
[TimeControl "180+2"]

1. d4 d5 2. c4 e6 3. Nf3 Nf6 4. g3 Be7 5. Bg2 O-O 6. O-O dxc4 7. Qc2 b5 8. a4 Bb7 9. axb5 a6 10. Nc3 axb5 11. Rxa8 Bxa8 12. Nxb5 Bd5 13. Nc3 Bxf3 14. Bxf3 Qxd4 15. Be3 Qe5 16. Qa4 Nd5 17. Bd2 Nb6 18. Qa7 Bd6 19. Rd1 Rd8 20. Bf4 Qc5 21. Ne4 Qb5 22. Nxd6 cxd6 23. Rxd6 Re8 24. Rxb6 Qc5 25. Rxb8 1-0

[Site "Europe Echecs"]

[Event "Championnat d'Europe de Blitz"]
[Date "2024.12.09"]
[White "Pancevski, Filip"]
[Black "Kukk, Sander"]
[WhiteElo "2420"]
[BlackElo "2234"]
[Round "7.34"]
[Result "1-0"]
[TimeControl "180+2"]

1. e4 g6 2.
d4 Bg7 3. Nc3 d6 4. Be3 Nf6 5. h3 O-O 6. g4 e5 7.
Bg2 exd4 8.
Bxd4 Nc6 9.
Be3 Re8 10. Nge2 Nd7 11. O-O Nc5 12. Qd2 a5 13. Rad1 Be6 14. b3 Qe7 15. Bg5 Bf6 16. Be3 Rad8 17. f4 Bg7 18. Ng3 Qh4 19. Bf2 Qf6 20. Nb5 Qe7 21. c3 Bc8 22. Kh2 Nb8 23. Qc2 Nba6 24. Nd4 c6 25. Rde1 Nc7 26. Qd2 Bh6 27. Be3 Qh4 28. g5 Bg7 29. Bf2 N7e6 30. Nge2 Qh5 31. Bf3 Nxd4 32. Bxh5 Nxe2 33. Bxe2 Nxe4 34. Qc2 Bxc3 35. Bf3 Bxe1 36. Rxe1 d5 37. Bxe4 dxe4 38. Rxe4 Rf8 39. Rd4 Bf5 40. Qd2 Rde8 41. Qxa5 Re2 42. Rd2 Re4 43. Kg3 h5 44. gxh6 Kh7 45.
Bd4 Kxh6 46.
Qc5 Rfe8 47.
Be5 Kh7 48. Qd6 Be6 49. Qc7 b5 50. Qxc6 Rc8 51. Qxe4 1-0

[Site "Europe Echecs"]

[Event "Championnat d'Europe de Blitz"]
[Date "2024.12.09"]
[White "Bulmaga, Irina"]
[Black "Zajic, Milan"]
[WhiteElo "2386"]
[BlackElo "2392"]
[Round "7.36"]
[Result "0-1"]
[TimeControl "180+2"]

1. e4 g6 2. d4 Bg7 3. Nc3 a6 4. a4 d6 5. Nf3 Nd7 6. h3 c5 7. Be3 cxd4 8. Nxd4 Ngf6 9. Nb3 O-O 10. a5 b5 11. axb6 Nxb6 12. Na5 Qc7 13. Be2 Be6 14. O-O Rfb8 15. Qd3 Nfd7 16. Bd4 Ne5 17. Bxe5 dxe5 18. Qe3 Rd8 19. Rfd1 Rd4 20. Nb3 Bxb3 21. cxb3 Qb7 22. Ra3 Nd7 23. Bc4 e6 24. Rda1 Bf8 25. Rxa6 Rxa6 26. Bxa6 Qxb3 27. Qe2 Bh6 28. Bb5 Nf6 29. Ra8+ Kg7 30. Bd3 Bc1 31. Ra2 Bxb2 32. Rxb2 Qxc3 33. Bb1 0-1

[Site "Europe Echecs"]

[Event "Championnat d'Europe de Blitz"]
[Date "2024.12.09"]
[White "Tsolakidou, Stavroula"]
[Black "Costachi, Mihnea"]
[WhiteElo "2451"]
[BlackElo "2464"]
[Round "7.37"]
[Result "0-1"]
[TimeControl "180+2"]

1. e4 e5 2.
Nf3 Nf6 3.
d4 Nxe4 4.
Bd3 d5 5.
Nxe5 Nd7 6.
Nc3 Nxc3 7.
bxc3 Nxe5 8.
dxe5 Be7 9.
O-O O-O 10.
Qh5 g6 11.
Qe2 Re8 12.
f4 f5 13.
Be3 Be6 14.
h3 c5 15. c4 d4 16. Bd2 Rf8 17. Kh1 Qd7 18. a4 Kh8 19. Rg1 b6 20. g4 a6 21. g5 Rab8 22. Kh2 Qc7 23. h4 b5 24. axb5 axb5 25. h5 Kg7 26. Kg3 Rh8 27. Rh1 h6 28. gxh6+ Rxh6 29. hxg6 Rxg6+ 30. Kf2 Rg8 31. Rh2 Kf8 32. Ra8+ Bd8 33. Qh5 Qd7 34. Bxf5 Bxf5 35. Rxd8+ Qxd8 36. Qxf5+ Ke8 37. Rh7 Rg2+ 38. Kf1 Rg1+ 39. Ke2 R8g2+ 40. Kf3 Qa8+ 0-1

[Site "Europe Echecs"]

[Event "Championnat d'Europe de Blitz"]
[Date "2024.12.09"]
[White "Dragnev, Valentin"]
[Black "Radovanovic, Dusan"]
[WhiteElo "2563"]
[BlackElo "2274"]
[Round "7.38"]
[Result "1-0"]
[TimeControl "180+2"]

1. e4 c5 2. Nf3 d6 3. Bb5+ Bd7 4. Bxd7+ Qxd7 5. O-O Nc6 6. c3 d5 7.
d3 dxe4 8.
dxe4 Qxd1 9. Rxd1 e6 10. Na3 Rd8 11. Be3 Rxd1+ 12. Rxd1 Nf6 13. Nb5 Nd7 14. Ng5 h6 15. Nxf7 Kxf7 16. Rxd7+ Kf6 17. Rxb7 Be7 18. Nxa7 Rd8 19. h4 Ne5 20. f3 Nc4 21. Bf4 Rd1+ 22. Kh2 e5 23. Bg3 Rd2 24. Nc6 Bd6 25. Kg1 Ne3 26. Bf2 Nd1 27. Be1 Re2 28. Kf1 Rc2 29. Kg1 Ne3 30. Bf2 Nd1 31. Be1 Ne3 32. h5 Rxg2+ 33. Kh1 Re2 34. Bh4+ Ke6 35. Nd8# [Site "Europe Echecs"]

[Event "Championnat d'Europe de Blitz"]
[Date "2024.12.09"]
[White "Vyval, Volodymyr"]
[Black "Boyer, Mahel"]
[WhiteElo "2269"]
[BlackElo "2526"]
[Round "7.39"]
[Result "0-1"]
[TimeControl "180+2"]

1. Nf3 g6 2. g3 Bg7 3. Bg2 c5 4. O-O Nc6 5. c4 e6 6. Nc3 Nge7 7. e3 O-O 8. d4 b6 9.
d5 Na5 10.
Nd2 Ba6 11.
dxe6 dxe6 12. Bxa8 Qxa8 13. Qe2 Nf5 14. Nb5 Qc6 15. a4 Bb7 16. f3 a6 17. Nc3 Nxe3 18. Rf2 Ng4 19. Qe4 Nxf2 20. Qxc6 Nh3+ 21. Kg2 Bxc6 22. Kxh3 Rd8 23. Rb1 Rd3 24. Kg2 f5 25.
Kf2 Bd4+ 26.
Ke2 Re3+ 27. Kd1 Bxf3+ 28. Nxf3 Rxf3 29. Ne2 Nxc4 30. Nxd4 cxd4 31. b3 Ne3+ 32. Bxe3 Rf1+ 0-1

[Site "Europe Echecs"]

[Event "Championnat d'Europe de Blitz"]
[Date "2024.12.09"]
[White "Cvitan, Ognjen"]
[Black "Dinev, Dejan"]
[WhiteElo "2413"]
[BlackElo "2209"]
[Round "7.40"]
[Result "1-0"]
[TimeControl "180+2"]

1. d4 d5 2.
c4 c6 3. Nf3 Nf6 4. Nc3 g6 5. e3 Bg7 6. Be2 O-O 7. O-O Nbd7 8. cxd5 Nxd5 9. Nxd5 cxd5 10. Qb3 Nf6 11. Bd2 Ne4 12. Bb4 a5 13. Ba3 a4 14. Qb4 Nd6 15. Rfc1 Bd7 16. Ne5 Be8 17. Qc5 Ra5 18. Qc7 Qxc7 19. Rxc7 Bb5 20. Rxe7 Nf5 21. Bxb5 Rxb5 22. Rc7 Bxe5 23. dxe5 Re8 24. g4 Nh4 25. f4 d4 26. exd4 Nf3+ 27.
Kf2 Nxd4 28. Rd1 Ne6 29. Rc4 Ra5 30. Kg3 b5 31. Rc6 g5 32. f5 Nf4 33. h4 h6 34. Rxh6 Rxe5 35. hxg5 Ne2+ 36. Kf3 b4 37. Rd8+ Kg7 38. f6# 1-0

[Site "Europe Echecs"]

[Event "Championnat d'Europe de Blitz"]
[Date "2024.12.09"]
[White "Stankovic, Milos"]
[Black "Zhukovskyi, Oleksandr"]
[WhiteElo "2462"]
[BlackElo "2199"]
[Round "7.41"]
[Result "1-0"]
[TimeControl "180+2"]

1. d4 Nf6 2.
Nf3 g6 3. Nbd2 d5 4. e3 Bg7 5. b4 c6 6. c4 O-O 7. Be2 Bg4 8. h3 Bxf3 9. Nxf3 Ne4 10. Bb2 Nd7 11. O-O Nb6 12. c5 Nd7 13. Qb3 a6 14. a4 Re8 15. Bd3 e5 16. Bxe4 dxe4 17. Nxe5 Nxe5 18. dxe5 Bxe5 19. Rad1 Qf6 20. Rd6 Qe7 21. Bxe5 Qxe5 22. Rfd1 Re7 23. Qc4 Rae8 24. R1d4 Re6 25. Rd7 R8e7 26. R7d6 Kg7 27. a5 Qf5 28. Qc3 Rf6 29. Qb2 Qe5 30. Qc2 Qf5 31. Rxf6 Kxf6 32. Qc3 Qe5 33. Rd6+ Re6 34. Qxe5+ Kxe5 35. Rd7 1-0

[Site "Europe Echecs"]

[Event "Championnat d'Europe de Blitz"]
[Date "2024.12.09"]
[White "Druckenthaner, Andreas"]
[Black "Krallis, Christos"]
[WhiteElo "2206"]
[BlackElo "2383"]
[Round "7.42"]
[Result "0-1"]
[TimeControl "180+2"]

1. e4 c5 2. Nf3 e6 3. d4 cxd4 4. Nxd4 Nf6 5. Nc3 Nc6 6. a3 Be7 7. Be3 d6 8. Bd3 O-O 9. O-O e5 10. Nxc6 bxc6 11. Kh1 d5 12. Bg5 Nxe4 13. Bxe7 Qxe7 14.
Nxe4 dxe4 15. Bxe4 Rb8 16. b3 Qc5 17. Qf3 f5 18. Bd3 e4 19. Bc4+ Qxc4 0-1

[Site "Europe Echecs"]

[Event "Championnat d'Europe de Blitz"]
[Date "2024.12.09"]
[White "Horvath, Dominik"]
[Black "Veljanoski, Andrej"]
[WhiteElo "2542"]
[BlackElo "2304"]
[Round "7.43"]
[Result "1-0"]
[TimeControl "180+2"]

1. Nc3 e5 2. e4 Nc6 3. Nf3 Nf6 4. a4 d5 5. Bb5 d4 6. Ne2 Bd6 7. Ng3 h6 8. d3 Be6 9. Nd2 O-O 10. O-O Ne7 11. Bc4 Ng6 12. Nf5 Qd7 13. Nxd6 cxd6 14. b3 d5 15. exd5 Bxd5 16. Ba3 Rfe8 17. Re1 Bxc4 18. Nxc4 Re6 19. a5 e4 20. dxe4 Nxe4 21.
Bb2 Rd8 22.
Qg4 Nf6 23.
Qf3 Rxe1+ 24. Rxe1 d3 25. Rd1 Nh4 26. Qxd3 Qg4 27. Qxd8+ Kh7 28. Ne3 Nf3+ 29. Kh1 Qh5 30. gxf3 Qxf3+ 31. Ng2 Ne4 32. Qd3 Qxd1+ 33. Qxd1 Nxf2+ 34. Kg1 Nxd1 35. Bd4 1-0

[Site "Europe Echecs"]

[Event "Championnat d'Europe de Blitz"]
[Date "2024.12.09"]
[White "Manea, Alexandru"]
[Black "Larkin, Vladyslav"]
[WhiteElo "2272"]
[BlackElo "2449"]
[Round "7.44"]
[Result "0-1"]
[TimeControl "180+2"]

1. e4 d6 2. d4 Nf6 3. Nc3 c6 4. Nf3 Bg4 5. Be2 e6 6. h3 Bh5 7. Be3 Be7 8. Qd2 d5 9. exd5 Bxf3 10. Bxf3 cxd5 11. Ne2 Nc6 12. c3 O-O 13. O-O Na5 14. Nf4 Nc4 15. Qe2 Nd7 16. Nd3 Qc7 17. Bc1 Bd6 18. b3 Na5 19. Bb2 Rac8 20. Rfe1 Qb6 21. Rab1 Qa6 22. Qd2 Nc6 23. a4 Rfd8 24. Be2 Na5 25. Ba1 Qb6 26. Qa2 Qc7 27. Rbc1 Qb6 28. b4 Nc4 29. Nc5 Qc7 30. Bxc4 dxc4 31. Qc2 b6 32. Nxd7 Qxd7 33. Bb2 h5 34. Re4 Bb8 35. Rce1 Qd5 36. Bc1 Qf5 37. Qe2 Rd5 38. Rh4 Qg6 39. Qe4 Qf6 40. g3 Rf5 41. Re2 Bxg3 42. fxg3 Rf1+ 43. Kg2 Rxc1 44. Rf4 Qh6 45. Ref2 Rf8 46.
R4f3 Ra1 47.
Rf4 Rxa4 48. Qb7 Qg6 49. Qd7 Ra1 50. g4 h4 51. Qe7 Qb1 52. Rf1 Ra2+ 53. R1f2 Rxf2+ 54. Rxf2 Qe4+ 55. Rf3 f6 56. Qxa7 f5 57. g5 f4 58. Qa2 Rf5 59. g6 Rg5+ 60. Kf2 Qxg6 61.
Qa8+ Kh7 62.
Rxf4 Qc2+ 0-1

[Site "Europe Echecs"]

[Event "Championnat d'Europe de Blitz"]
[Date "2024.12.09"]
[White "Zawadzka, Jolanta"]
[Black "Gatineau, Yovann"]
[WhiteElo "2331"]
[BlackElo "2363"]
[Round "7.45"]
[Result "0-1"]
[TimeControl "180+2"]

1. e4 c6 2. d4 d5 3. Nd2 dxe4 4. Nxe4 Nf6 5. Nxf6+ exf6 6. c3 Bd6 7. Bd3 Na6 8. Qe2+ Kf8 9. Qc2 h5 10. Be3 Nc7 11. Ne2 Nd5 12. O-O-O Be6 13. Kb1 g6 14. Bc1 Kg7 15. a3 b5 16. Ng3 a5 17. c4 bxc4 18. Bxc4 Rb8 19. Ka1 Qb6 20. Rhe1 Rhe8 21. Ne4 Qc7 22. Nxd6 Qxd6 23. Qd2 a4 24. Bd3 Ne7 25. Be4 Nf5 26. d5 cxd5 27. Bxf5 Bxf5 28. Rxe8 Rxe8 29. Qxd5 Qxh2 30. Qc6 Rc8 31. Qf3 Bg4 32. Qb7 Rc7 33. Qd5 Bxd1 34. Qxd1 Qe5 35. Qd2 g5 36. Qd1 Qe4 37. g3 Qc2 38. Qxc2 Rxc2 39. Be3 h4 40. gxh4 gxh4 41. Kb1 Re2 42. b4 axb3 43. a4 h3 0-1

[Site "Europe Echecs"]

[Event "Championnat d'Europe de Blitz"]
[Date "2024.12.09"]
[White "Djurovic, Peko"]
[Black "Kilic, Eray"]
[WhiteElo "2253"]
[BlackElo "2459"]
[Round "7.46"]
[Result "0-1"]
[TimeControl "180+2"]

1. e4 c5 2.
Nf3 d6 3. d4 cxd4 4. Nxd4 Nf6 5. Nc3 a6 6. Bg5 e6 7. f4 Be7 8. Qf3 Qc7 9. O-O-O Nbd7 10. g4 h6 11. Bxf6 Bxf6 12. h4 Nb6 13. Be2 Bd7 14. Kb1 O-O-O 15. Qd3 Kb8 16. g5 Be7 17. b3 Rc8 18. Kb2 d5 19. exd5 Bb4 20. Nb1 Nxd5 21. f5 Qe5 22. Bf3 Nc3 23. Nxc3 Bxc3+ 24. Kb1 exf5 25. Ne2 Bb5 26. Qd5 Qxd5 27. Rxd5 hxg5 28. Rxf5 Bxe2 29.
Bxe2 Rxh4 30. Rxh4 gxh4 31. Rxf7 Re8 32. Rf2 g5 33. Kc1 Re4 34. Kd1 g4 35. Rf8+ Ka7 36. Rg8 h3 37. Rxg4 h2 0-1

[Site "Europe Echecs"]

[Event "Championnat d'Europe de Blitz"]
[Date "2024.12.09"]
[White "Radeva, Viktoria"]
[Black "Asllani, Muhamet"]
[WhiteElo "2275"]
[BlackElo "2112"]
[Round "7.47"]
[Result "1-0"]
[TimeControl "180+2"]

1. e4 e5 2. Nf3 Nc6 3. Nc3 Bc5 4. Nxe5 Nxe5 5. d4 Bd6 6. dxe5 Bxe5 7. Bd3 d6 8. Ne2 Ne7 9. O-O c6 10. f4 Bf6 11. c3 Qb6+ 12. Kh1 Bg4 13. Qe1 O-O-O 14. a4 h5 15. a5 Qc7 16. Be3 Kb8 17. Qf2 Nc8 18. Nd4 h4 19. h3 Bd7 20. b4 Rhe8 21. Rfb1 c5 22. bxc5 dxc5 23. Nb3 c4 24. Nc5 Ka8 25. Rxb7 Qc6 26. Bxc4 Be6 27. Rab1 Nd6 28. Rxa7+ Kxa7 29. Nxe6+ Ka8 30. Bd5 Qxd5 31.
exd5 fxe6 32. Bb6 Rc8 33. Qe2 Nc4 34. d6 Rc6 35. d7 Rb8 36. Qe4 Kb7 37. a6+ 1-0

[Site "Europe Echecs"]

[Event "Championnat d'Europe de Blitz"]
[Date "2024.12.09"]
[White "Popovic, Milos T"]
[Black "Kralevski, Aleksander"]
[WhiteElo "2334"]
[BlackElo "2028"]
[Round "7.48"]
[Result "1-0"]
[TimeControl "180+2"]

1. d4 d5 2.
Bf4 Nf6 3. e3 c5 4. c3 Qb6 5. Qb3 Nc6 6. Nd2 Bf5 7. h3 e6 8. Ngf3 h6 9. Be2 Be7 10. O-O O-O 11. Rfe1 Rfc8 12. a3 c4 13. Qxb6 axb6 14. Rac1 Ne4 15. Nxe4 Bxe4 16.
Nd2 Bg6 17.
e4 b5 18.
exd5 exd5 19. Bf3 Rd8 20. Nf1 Bf6 21. Ne3 Ne7 22. Ng4 Nf5 23. Nxf6+ gxf6 24. g4 Nh4 25. Bh1 Bd3 26. Bxh6 1-0

[Site "Europe Echecs"]